 Dungeon Crawl Stone Soup version 0.27.1-35-g4d5d836560 (console) character file.

Game seed: 3225026219493035262

128292 grimtooth the Frost Mage (level 17, -8/119 HPs)
             Began as a Merfolk Ice Elementalist on May 2, 2022.
             Was a High Priest of Hepliaklqana.
             Killed from afar by Nikola (45 damage)
             ... with an arc of chain lightning
             ... on level 3 of the Swamp.
             The game lasted 04:59:11 (31434 turns).

grimtooth the Frost Mage (MfIE)                    Turns: 31434, Time: 04:59:14

Health: -8/119     AC: 16    Str:  9    XL:     17   Next: 3%
Magic:  22/30      EV: 21    Int: 20    God:    Hepliaklqana [*****.]
Gold:   2156       SH:  0    Dex: 15    Spells: 13/34 levels left

rFire    . . .     SeeInvis +   a - staff of cold
rCold    + + .     Faith    .   (no shield)
rNeg     + . .     Spirit   .   y - +2 leather armour {Will+}
rPois    .         Reflect  .   X - +0 helmet
rElec    +         Harm     .   j - +1 cloak {rC+}
rCorr    .         Rampage  .   I - +0 pair of gloves
Will     ++...                  (boots currently unavailable)
Stlth    +++++.....             p - amulet of the acrobat
HPRegen  0.29/turn              c - +4 ring of slaying
MPRegen  0.22/turn              x - ring of Mosy {rElec rN+ SInv}

@: ice-armoured, hasted, very quick
A: reduced essence, nimble swimmer 2, mertail
a: Renounce Religion, Recall Ancestor, Ancestor Identity, Transference, Idealise


You were on level 3 of the Swamp.
You worshipped Hepliaklqana.
Hepliaklqana was extremely pleased with you.
You visited 5 branches of the dungeon, and saw 26 of its levels.
You also visited: Ice Cave and Volcano.

You collected 3561 gold pieces.
You spent 1405 gold pieces at shops.

Inventory:

Hand Weapons
 b - the +9 halberd "Loss" {flame, rN+}
   (You bought it in a shop on level 2 of the Orcish Mines)

   It burns those it strikes, dealing additional fire damage.
   Big, fiery blades are also staple armaments of hydra-hunters.
   rN:        It protects you from negative energy.
 k - a +0 dagger of electrocution
 M - a +1 bardiche of flaming
 Y - a +2 antimagic demon trident
Missiles
 v - 101 sling bullets
 w - 2 throwing nets {=f}
 B - 31 poisoned darts (quivered)
 Q - 4 curare-tipped darts
 S - 12 boomerangs of dispersal
Armour
 j - a +1 cloak of cold resistance (worn)
 y - a +2 leather armour of willpower (worn)
 G - a +2 pair of boots of stealth (melded)
 I - a +0 pair of gloves (worn)
 X - a +0 helmet (worn)
Magical Staves
 a - a staff of cold (weapon)
Jewellery
 c - a +4 ring of slaying (left hand)
 f - a ring of poison resistance
 o - a ring of willpower
 p - an amulet of the acrobat (around neck)
 q - a ring of protection from fire
 x - the ring of Mosy (right hand) {rElec rN+ SInv}
   (You acquired it on level 4 of the Dungeon)

   [ring of positive energy]

   rElec:     It insulates you from electricity.
   rN:        It protects you from negative energy.
   SInv:      It lets you see invisible.
 C - a ring of magical power
Wands
 n - a wand of iceblast (11)
 F - a wand of digging (13)
 K - a wand of mindburst (11)
 L - a wand of paralysis (35)
 O - a wand of acid (1)
 U - a wand of flame (20)
Scrolls
 d - a scroll of immolation {unknown}
 h - 3 scrolls of fear
 m - 2 scrolls of amnesia
 s - 7 scrolls of teleportation
 A - 5 scrolls of enchant weapon {unknown}
 E - 6 scrolls of magic mapping
 H - a scroll of summoning
 P - a scroll of brand weapon
 R - a scroll of fog {unknown}
 T - 5 scrolls of vulnerability {unknown}
 V - 3 scrolls of blinking {unknown}
 Z - 2 scrolls of enchant armour {unknown}
Potions
 e - 7 potions of curing
 g - 3 potions of brilliance
 i - a potion of invisibility
 l - 2 potions of cancellation
 u - a potion of haste
 z - 2 potions of might
 J - a potion of flight
 N - 4 potions of lignification
 W - 10 potions of ambrosia
Miscellaneous
 r - a box of beasts


   Skills:
 - Level 12.0 Fighting
 - Level 6.0 Short Blades
 - Level 12.0 Polearms
 - Level 12.0 Dodging
 - Level 9.0 Stealth
 - Level 9.0 Spellcasting
 - Level 9.0 Conjurations
 + Level 9.1 Hexes
 - Level 12.0 Ice Magic
 - Level 6.0 Air Magic
 - Level 6.0 Poison Magic
 - Level 12.0 Invocations
 + Level 1.4 Evocations


You had 13 spell levels left.
You knew the following spells:

 Your Spells              Type           Power      Damage    Failure   Level
a - Freeze                Ice            100%       1d11      1%          1
b - Frozen Ramparts       Ice            100%       1d12      1%          3
c - Ozocubu's Armour      Ice            71%        N/A       1%          3
d - Hailstorm             Conj/Ice       66%        3d14      1%          4
e - Ensorcelled Hibernat  Hex/Ice        100%       N/A       1%          2
f - Mephitic Cloud        Conj/Pois/Air  37%        N/A       1%          3
E - Metabolic Englaciati  Hex/Ice        33%        N/A       4%          5

Your spell library contained the following spells:

 Spells                   Type           Power      Damage    Failure   Level
 Corona                   Hex            50%        N/A       1%          1
 Magic Dart               Conj           100%       1d8       1%          1
 Poisonous Vapours        Pois/Air       66%        N/A       1%          2
 Tukima's Dance           Hex            45%        N/A       1%          3
 Corpse Rot               Necr/Air       N/A        N/A       4%          2
 Stone Arrow              Conj/Erth      54%        3d10      4%          3
 Freezing Cloud           Conj/Ice/Air   30%        6-21      8%          5
 Airstrike                Air            16%        N/A       9%          4
 Ice Form                 Ice/Tmut       49%        N/A       9%          4
 Summon Ice Beast         Ice/Summ       49%        N/A       9%          4
 Sandblast                Erth           18%        2d7       11%         1
 Lightning Bolt           Conj/Air       19%        1d34      14%         5
 Call Imp                 Summ           9%         N/A       16%         2
 Passwall                 Tmut/Erth      7%         N/A       16%         2
 Sublimation of Blood     Necr           4%         N/A       16%         2
 Wereblood                Tmut           9%         N/A       16%         2
 Leda's Liquefaction      Hex/Erth       13%        N/A       17%         4
 Summon Lightning Spire   Summ/Air       21%        N/A       30%         4
 Fireball                 Conj/Fire      13%        3d7       43%         5
 Bolt of Magma            Conj/Fire/Erth 10%        4d7       65%         5
 Animate Armour           Summ/Erth      18%        N/A       71%         4
 Petrify                  Tmut/Erth      9%         N/A       71%         4
 Simulacrum               Ice/Necr       24%        N/A       80%         6
 Starburst                Conj/Fire      13%        6d6       95%         6
 Lee's Rapid Deconstruct  Erth           4%         3d6*      96%         5
 Statue Form              Tmut/Erth      6%         N/A       100%        6
 Summon Hydra             Summ           4%         N/A       100%        7
 Ignition                 Fire           4%         3d4       100%        8
 Lehudib's Crystal Spear  Conj/Erth      13%        10d5      100%        8


Dungeon Overview and Level Annotations

Branches:
Dungeon (14/15)            Temple (1/1) D:5            Lair (6/6) D:10
  Swamp (3/4) Lair:4       Spider (0/4) Lair:2        Slime (0/5) Lair:5
    Orc (2/2) D:9             Elf (0/3) Orc:2         IceCv (visited)
Volcano (visited)
 Vaults: D:13-14

Altars:
Ashenzari
Cheibriados
Dithmenos
Elyvilon
Fedhas
Gozag
Hepliaklqana
Kikubaaqudgha
Makhleb
Nemelex Xobeh
Okawaru
Qazlal
Ru
Sif Muna
Trog
Uskayaw
Vehumet
Wu Jian
Xom
Yredelemnul
Zin
The Shining One
Jiyva

Shops:
D:1 (   D:11 *   Orc:2 [:*(

Annotations:
D:6 exclusion: phantom, Menkaure
D:10 1 runed translucent door
D:11 2 runed translucent doors, Tayschli's ghost, novice OpFi
Lair:1 Maggie; Sonja; Urug
Lair:4 1 runed translucent door, Extam's ghost, journeyman OpFi
Lair:6 exclusion: obsidian statue
Swamp:3 Nikola


Innate Abilities, Weirdness & Mutations

Your life essence is reduced to manifest your ancestor. (-10% HP)
You are quick and stealthy near water. (Stealth+, EV+, Speed+++)
Your lower body shifts to a powerful aquatic tail in water.


Message History

The +9 halberd "Loss" {flame, rN+} stops flaming.
a - a staff of cold (weapon)
Press: ? - help, v - describe, . - travel
Here: Nikola, wielding a +0 rapier of electrocution, wearing a +0 cloak and wearing a +2 pair of gloves (moderately wounded, wandering, hasn't noticed you)
The floor.
Casting: Ozocubu's Armour (safe; 1% risk of failure)
Confirm with . or Enter, or press ? or * to list all spells.
Casting: Hailstorm (mildly dangerous; 1% risk of failure)
Press: ? - help, Dir - look around, f - activate You feel a surge of power!
A cannonade of hail descends around you!
The hail pelts the swamp worm!
The swamp worm is moderately wounded.
Your attack snaps the swamp worm out of its fear.
The hail pelts Nikola!
Nikola is heavily wounded.
Nikola shouts!
Okay, then.
Casting: Hailstorm (mildly dangerous; 1% risk of failure)
Confirm with . or Enter, or press ? or * to list all spells.
Casting: Hailstorm (mildly dangerous; 1% risk of failure)
Press: ? - help, Dir - look around, f - activate You feel a surge of power!
A cannonade of hail descends around you!
The hail pelts Nikola!!
Nikola is heavily wounded.
The hail pelts the bunyip!!
You kill the bunyip!
Aiming: Corrosive Bolt
Press: ? - help, Shift-Dir - straight line, f - Nikola
Aim: Nikola, wielding a +0 rapier of electrocution, wearing a +0 cloak and wearing a +2 pair of gloves (heavily wounded, 75% to hit)
The bolt of acid misses Nikola.
The swamp worm misses you.
Nikola gestures wildly while chanting.
Lightning arcs from Nikola's hands!
The bolt of lightning hits the swamp worm!!!
The swamp worm dies!
A bolt of lightning appears from out of thin air!
The bolt of lightning hits Nikola!
The bolt of lightning hits you!!! You resist.
You die...

♣≈≈†.♣♣ ♣♣.♣≈≈. ♣..<≈.♣ ♣...≈≈≈
♣≈≈≈xR♣♣♣♣.≈≈≈≈≈ ♣≈≈≈♣..♣♣..≈..§.
♣.≈≈≈≈(♣♣..≈..≈≈ ♣..≈≈♣♣♣.≈≈.
♣♣≈.≈≈≈≈@≈.†≈≈≈≈≈ ♣♣...≈.≈.≈..♣
♣.≈≈≈≈≈.≈♣@.≈...♣ ♣.≈..≈≈≈.≈≈.♣
♣♣..≈≈♣≈≈÷≈≈≈.≈≈≈
♣.≈≈≈≈♣.≈≈≈♣♣♣♣♣♣.♣♣...≈≈.≈≈≈≈♣.
♣..≈≈≈♣§≈≈≈.≈........≈.≈≈≈≈≈≈≈≈≈
♣≈.§.≈.≈≈≈≈≈≈†@≈≈.≈≈≈w.≈.≈≈≈..≈
♣♣≈§≈≈≈≈§.≈.≈♣@♣†§≈≈≈≈♣.♣.......
♣♣.≈.≈≈≈<≈..≈§....≈.≈≈.....≈≈≈.≈.
..§≈≈≈.≈.≈...≈♣♣♣†..≈..♣...≈≈♣.≈.
♣♣≈♣.♣♣♣♣♣≈...♣♣(.≈≈≈.♣♣♣..≈≈≈≈≈≈
♣♣♣♣♣ ♣≈≈≈≈♣......♣♣
♣♣.....♣(.♣♣♣ ♣.≈.≈≈≈≈♣♣
♣♣≈.≈≈♣♣♣ ♣.♣♣♣♣ ♣.♣


You could see Nikola and a tyrant leech (fleeing).

Vanquished Creatures
  Gastronok (D:9)
  A fenstrider witch (Swamp:1)
  Louise (Swamp:2)
  2 dire elephants (Lair:6)
  4 bunyips
  2 eleionomae
  6 hydras
  A boulder beetle (Lair:5)
  2 centaur warriors
  2 catoblepae
  3 two-headed ogres (D:10)
  2 alligators (Swamp:2)
  7 death yaks
  An orc high priest (Orc:2)
  A spriggan berserker (Swamp:2)
  Nergalle (Lair:1)
  A skeletal warrior (D:12)
  5 spriggan druids
  3 goliath frogs
  A swamp dragon (Swamp:2)
  2 bog bodies (Swamp:1)
  A deep elf pyromancer (D:12)
  A phantasmal warrior (D:12)
  3 orc knights (Orc:2)
  4 necromancers
  An orb spider (Lair:2)
  3 orc sorcerers (Orc:2)
  A will-o-the-wisp (Swamp:3)
  An ugly thing (D:12)
  8 elephants (Lair:6)
  4 black mambas
  A gargoyle (Volcano)
  A dire elephant skeleton (Lair:6)
  An ice statue (IceCv)
  10 cane toads
  7 komodo dragons
  3 rime drakes
  3 entropy weaver simulacra (IceCv)
  2 anaconda simulacra (IceCv)
  An efreet (Volcano)
  5 ice devils (IceCv)
  A troll (Orc:1)
  A queen bee (Orc:1)
  2 tyrant leeches
  2 bloated husks (Swamp:2)
  4 polar bears
  Grinder (D:3)
  Prince Ribbit (D:5)
  3 hornets
  8 blink frogs
  3 slime creatures (D:12)
  Sigmund (D:6)
  A wraith (Swamp:1)
  3 dire elephant simulacra (IceCv)
  4 spriggans
  2 wyverns
  5 basilisks
  39 yaks
  A steam dragon (D:9)
  3 swamp worms
  A warg (Orc:1)
  A harpy simulacrum (IceCv)
  An acid dragon (D:9)
  4 water moccasins
  An ice beast (D:6)
  15 orc warriors
  2 sky beasts
  2 black bears
  2 necrophages
  4 ogres
  8 wolves
  2 elephant zombies (Lair:6)
  An elephant skeleton (Lair:6)
  9 centaurs
  3 kobold brigands
  A gnoll sergeant (Orc:1)
  15 bullfrogs
  2 scorpions
  An elephant simulacrum (Lair:6)
  37 killer bees
  A wight (D:9)
  An electric eel (D:7)
  A bullfrog zombie (D:5)
  5 centaur zombies
  4 lava snakes (D:8)
  A bullfrog skeleton (D:5)
  5 hounds
  A jelly (D:4)
  12 orc priests
  4 iguanas
  A centaur skeleton (D:5)
  9 orc wizards
  Terence (D:2)
  Ijyb (D:3)
  A killer bee zombie (D:7)
  A polar bear simulacrum (IceCv)
  A hound skeleton (D:5)
  A howler monkey zombie (D:9)
  7 gnolls
  An adder (D:4)
  A river rat (Lair:2)
  A white imp (D:6)
  2 adder skeletons
  A worm (D:3)
  A dart slug (D:3)
  57 orcs
  7 ball pythons
  2 endoplasms
  2 giant cockroaches
  6 goblins
  9 hobgoblins
  4 jackals (D:2)
  7 quokkas
  5 bats
  2 frilled lizards
  19 kobolds
  6 rats
  2 butterflies (Lair:2)
500 creatures vanquished.

Vanquished Creatures (collateral kills)
  An orc warlord (Orc:2)
  A reaper (IceCv)
  5 bunyips
  An eleionoma (Swamp:3)
  A shambling mangrove (Swamp:2)
  Josephine (Swamp:1)
  A boulder beetle (D:12)
  7 hydras
  A catoblepas (Lair:6)
  A death knight (D:12)
  An alligator (Swamp:3)
  2 two-headed ogres
  3 death yaks
  4 orc high priests (Orc:2)
  A spectral death yak (Lair:6)
  A fire crab (Lair:6)
  A goliath frog (Swamp:2)
  A spectral anaconda (Lair:6)
  A death drake (Swamp:3)
  A skeletal warrior (D:12)
  2 spriggan druids
  A swamp dragon (Swamp:2)
  3 bog bodies
  A necromancer (Lair:6)
  2 orc knights (Orc:2)
  4 orc sorcerers (Orc:2)
  A cyclops (Orc:2)
  3 elephants
  A black mamba (Lair:2)
  An ice statue (IceCv)
  A gargoyle (D:9)
  6 cane toads
  A freezing wraith (D:12)
  4 rime drakes
  2 kobold demonologists (D:10)
  2 ice devils (D:11)
  3 polar bears
  A queen bee (Lair:2)
  3 tyrant leeches
  5 hornets (Swamp:2)
  3 trolls
  5 blink frogs
  2 slime creatures (D:12)
  A meliai zombie (D:11)
  2 wraiths (Swamp:1)
  A dire elephant simulacrum (IceCv)
  9 spriggans
  2 fire elementals (Volcano)
  18 yaks
  5 swamp worms
  2 death yak simulacra
  A warg (Orc:2)
  A spectral cane toad (Lair:6)
  4 water moccasins
  18 orc warriors
  2 ogres
  2 wolves
  6 bullfrogs
  A cane toad simulacrum (IceCv)
  A scorpion (D:10)
  19 killer bees
  A howler monkey (D:10)
  2 wights (D:9)
  An electric eel (Lair:4)
  2 centaur zombies
  2 lava snakes (D:8)
  10 orc priests
  A hell rat (Lair:2)
  6 orc wizards
  A spriggan simulacrum (IceCv)
  2 troll simulacra (IceCv)
  A gnoll (Orc:1)
  A howler monkey skeleton (D:7)
  30 orcs
  2 kobolds (D:10)
  A bush (Lair:4)
251 creatures vanquished.

Vanquished Creatures (others)
  A cane toad (Lair:2)
  2 bloated husks
  A human (D:7)
  A swamp worm (Swamp:3)
  15 knights
  4 ancestors
  80 fungi
  92 plants
  24 withered plants (Lair:6)
220 creatures vanquished.

Grand Total: 971 creatures vanquished

Notes
Turn   | Place    | Note
-------+----------+-------------------------------------------
     0 | D:1      | grimtooth the Merfolk Ice Elementalist began the quest for
                  | the Orb.
     0 | D:1      | Reached XP level 1. HP: 13/13 MP: 3/3
   256 | D:1      | Reached XP level 2. HP: 19/19 MP: 3/5
   461 | D:1      | Found Kolob's Antique Weapon Boutique.
   500 | D:1      | Reached skill level 5 in Ice Magic
   618 | D:1      | Reached XP level 3. HP: 24/24 MP: 4/6
   653 | D:1      | Learned a level 3 spell: Frozen Ramparts
   930 | D:2      | Reached XP level 4. HP: 25/30 MP: 6/8
  1083 | D:2      | Noticed Terence
  1130 | D:2      | Killed Terence
  1791 | D:2      | Learned a level 3 spell: Ozocubu's Armour
  1821 | D:3      | Reached XP level 5. HP: 23/35 MP: 3/9
  1901 | D:3      | Noticed a sky beast
  1911 | D:3      | Killed a sky beast
  1912 | D:3      | Reached XP level 6. HP: 25/41 MP: 2/12
  2057 | D:3      | Noticed Ijyb
  2201 | D:3      | Found a faded altar of an unknown god.
  2246 | D:3      | Found a stormy altar of Qazlal.
  2247 | D:3      | Found an opulent altar of Gozag.
  2329 | D:3      | Noticed Grinder
  2363 | D:4      | Found a radiant altar of Vehumet.
  3114 | D:4      | Identified 4 scrolls of acquirement
  3114 | D:4      | Acquired the ring of Mosy {rElec rN+ SInv}
  3119 | D:4      | - wow
  3119 | D:4      | Acquired 1268 gold pieces
  3140 | D:5      | Entered Level 5 of the Dungeon
  3273 | D:5      | Reached XP level 7. HP: 46/46 MP: 8/13
  3447 | D:5      | Noticed Prince Ribbit
  3577 | D:5      | Found a staircase to the Ecumenical Temple.
  3586 | Temple   | Entered the Ecumenical Temple
  3671 | Temple   | Became a worshipper of Hepliaklqana the Forgotten
  3938 | D:5      | Learned a level 4 spell: Hailstorm
  4044 | D:6      | Noticed Sigmund
  4055 | D:6      | Reached skill level 5 in Stealth
  4055 | D:6      | Reached XP level 8. HP: 44/52 MP: 3/14
  4430 | D:6      | HP: 1/52 [white imp/puff of frost (6)]
  4432 | D:6      | - ooookay there
  4493 | D:6      | - uh-oh
  4920 | D:6      | Killed Sigmund
  5327 | D:6      | Noticed Menkaure
  5612 | D:3      | Killed Ijyb
  5663 | D:3      | Killed Grinder
  6135 | D:5      | Found a snail-covered altar of Cheibriados.
  6168 | D:5      | Killed Prince Ribbit
  6169 | D:5      | Reached XP level 9. HP: 44/58 MP: 5/15
  6528 | D:7      | Reached * piety under Hepliaklqana
  6594 | D:7      | Found a runed translucent door.
  6597 | D:7      | Found a basalt altar of Yredelemnul.
  6623 | D:7      | Reached skill level 5 in Conjurations
  6679 | D:7      | Reached skill level 5 in Dodging
  6867 | D:7      | Found a sparkling altar of Nemelex Xobeh.
  6947 | D:7      | Reached skill level 1 in Fighting
  7679 | D:8      | Noticed a hornet
  7688 | D:8      | Killed a hornet
  7734 | D:8      | Found a glowing silver altar of Zin.
  7778 | D:8      | Reached XP level 10. HP: 60/65 MP: 5/16
  8085 | D:8      | Reached skill level 5 in Fighting
  8556 | D:9      | Reached ** piety under Hepliaklqana
  8892 | D:9      | Found a staircase to the Orcish Mines.
  8950 | D:9      | Noticed Gastronok
  9141 | D:9      | Remembered your ancestor Sofian as a knight
  9156 | D:9      | Reached skill level 5 in Spellcasting
  9304 | D:9      | Noticed a gargoyle
  9314 | D:9      | Found an ornate altar of the Wu Jian Council.
  9389 | D:9      | Killed a gargoyle
  9803 | D:9      | Reached skill level 1 in Short Blades
  9805 | D:9      | Reached skill level 1 in Invocations
  9981 | D:10     | Entered Level 10 of the Dungeon
 10002 | D:10     | Noticed a centaur warrior
 10011 | D:10     | Found a runed translucent door.
 10011 | D:10     | Noticed a sixfirhy
 10051 | D:10     | Noticed a kobold demonologist
 10051 | D:10     | Noticed a kobold demonologist
 10081 | D:10     | Learned a level 2 spell: Ensorcelled Hibernation
 10146 | D:10     | Found a glowing golden altar of the Shining One.
 10146 | D:10     | Noticed a two-headed ogre
 10155 | D:10     | Killed a centaur warrior
 10184 | D:10     | Killed a two-headed ogre
 10185 | D:10     | Reached XP level 11. HP: 43/72 MP: 3/20
 10310 | D:10     | Noticed a two-headed ogre
 10314 | D:10     | Reached skill level 5 in Short Blades
 10323 | D:10     | Killed a two-headed ogre
 10324 | D:10     | Reached skill level 5 in Invocations
 10415 | D:10     | Noticed a two-headed ogre
 10425 | D:10     | Killed a two-headed ogre
 10511 | D:10     | Reached skill level 1 in Hexes
 11103 | D:10     | Found a staircase to the Lair.
 11129 | D:10     | Found a bloodstained altar of Trog.
 11150 | D:10     | Reached *** piety under Hepliaklqana
 11399 | Lair:1   | Entered Level 1 of the Lair of Beasts
 11572 | Lair:1   | Noticed a seven-headed hydra
 11640 | Lair:1   | Noticed Maggie
 11700 | Lair:2   | Reached skill level 5 in Hexes
 11754 | Lair:2   | Reached XP level 12. HP: 69/79 MP: 5/21
 11846 | Lair:2   | Found a stormy altar of Qazlal.
 12100 | Lair:2   | Noticed a seven-headed hydra
 12112 | Lair:2   | Killed a seven-headed hydra
 12118 | Lair:2   | Noticed a catoblepas
 12647 | Lair:2   | Killed a catoblepas
 13347 | Lair:2   | Found a hole to the Spider Nest.
 14280 | Lair:3   | You fall into a shaft and drop 2 floors!
 14291 | Lair:5   | Reached **** piety under Hepliaklqana
 14313 | Lair:5   | Noticed a boulder beetle
 14426 | Lair:5   | Reached XP level 13. HP: 76/90 MP: 9/23
 14492 | Lair:5   | Found a dark tunnel.
 14510 | Volcano  | Entered a volcano
 14517 | Volcano  | Reached skill level 10 in Ice Magic
 14996 | Lair:4   | Found a runed translucent door.
 14996 | Lair:4   | Noticed Extam's ghost (journeyman OpFi)
 15026 | Lair:4   | You fall into a shaft and drop 2 floors!
 15026 | Lair:6   | Entered Level 6 of the Lair of Beasts
 15042 | Lair:6   | - ok i panicked
 15042 | Lair:6   | - foolish
 15469 | Lair:4   | Found a staircase to the Swamp.
 15964 | Lair:3   | Reached ***** piety under Hepliaklqana
 16404 | Lair:4   | - this is almost the complete EE set
 17388 | Lair:5   | Found a viscous altar of Jiyva.
 17389 | Lair:5   | Found a staircase to the Slime Pits.
 17813 | Lair:6   | - is this elephants
 17813 | Lair:6   | - again
 17935 | Lair:6   | - oh yes
 17997 | Lair:6   | Reached XP level 14. HP: 82/97 MP: 13/27
 19042 | Lair:6   | Noticed a dire elephant
 19042 | Lair:6   | Noticed a dire elephant
 19072 | Lair:6   | Reached skill level 10 in Dodging
 19219 | Lair:6   | Learned a level 5 spell: Metabolic Englaciation
 19931 | Lair:6   | - this smells likea problem
 19975 | Lair:6   | Killed a dire elephant
 20257 | Lair:6   | Killed a dire elephant
 20360 | Lair:6   | - what a bunch of junk
 20781 | Lair:1   | Noticed Nergalle
 20791 | Lair:1   | Killed Nergalle
 21140 | Lair:1   | Noticed Urug
 21140 | Lair:1   | Noticed Sonja
 21381 | D:9      | Killed Gastronok
 21444 | D:9      | Reached XP level 15. HP: 81/102 MP: 28/28
 21572 | Orc:1    | Entered Level 1 of the Orcish Mines
 22174 | Orc:2    | Entered Level 2 of the Orcish Mines
 22182 | Orc:2    | Noticed an orc warlord
 22204 | Orc:2    | - that is too many high priests
 22214 | Orc:2    | - ooh not good
 22219 | Orc:2    | Reached skill level 10 in Fighting
 22219 | Orc:2    | Reached skill level 10 in Invocations
 22567 | Orc:2    | Found Joushrar's Antique Weapon Boutique.
 22661 | Orc:2    | Found Ably's General Store.
 22675 | Orc:2    | Found Restricw's Book Shoppe.
 22684 | Orc:2    | Killed an orc warlord
 22705 | Orc:2    | Found Vonaluff's Antique Armour Emporium.
 23076 | Orc:2    | Found a staircase to the Elven Halls.
 24257 | Orc:2    | Bought a wand of digging (3) for 154 gold pieces
 24257 | Orc:2    | Bought a scroll of magic mapping for 38 gold pieces
 24296 | Orc:2    | Bought a pair of embroidered boots for 180 gold pieces
 24319 | Orc:2    | Bought a book of Vapours for 336 gold pieces
 24379 | Orc:2    | Bought the +9 halberd "Loss" {flame, rN+} for 697 gold
                  | pieces
 24554 | D:11     | Found Dar Vaecidi's Changing Room.
 24615 | D:11     | Found a frozen archway.
 24622 | D:11     | Reached skill level 1 in Polearms
 24667 | IceCv    | Entered an ice cave
 25250 | IceCv    | Reached skill level 5 in Polearms
 25944 | D:11     | Noticed a lich
 25944 | D:11     | Noticed Tayschli's ghost (novice OpFi)
 26154 | D:11     | Found a runed translucent door.
 26161 | D:11     | Found a runed translucent door.
 26172 | D:11     | Noticed a fire giant
 26656 | D:12     | Found a blossoming altar of Fedhas.
 26875 | D:12     | You fall into a shaft and drop 2 floors!
 26877 | D:14     | - ugh
 27123 | D:12     | Reached skill level 10 in Polearms
 27147 | D:12     | Reached XP level 16. HP: 97/113 MP: 10/29
 27575 | D:12     | Learned a level 3 spell: Mephitic Cloud
 27718 | Swamp:1  | Entered Level 1 of the Swamp
 28185 | Swamp:1  | Reached skill level 1 in Air Magic
 28185 | Swamp:1  | Reached skill level 1 in Poison Magic
 28208 | Swamp:1  | Noticed Josephine
 28328 | Swamp:1  | Killed Josephine
 28784 | Swamp:1  | Noticed a fenstrider witch
 28794 | Swamp:1  | Killed a fenstrider witch
 28795 | Swamp:1  | HP: 7/169 [poison]
 28796 | Swamp:1  | - I have a feeling I'll come out of berserk anbd die
                  | instantly
 28798 | Swamp:1  | HP: 2/113 [poison]
 28800 | Swamp:1  | - but no!
 29127 | Swamp:1  | Acquired a staff of cold
 29130 | Swamp:1  | Acquired a +1 bardiche of flaming
 29310 | Swamp:2  | Noticed Louise
 29325 | Swamp:2  | Killed Louise
 29326 | Swamp:2  | Reached skill level 5 in Air Magic
 29754 | Swamp:2  | Reached skill level 5 in Poison Magic
 30609 | Swamp:3  | - what just happened
 31106 | Swamp:3  | Noticed Nikola
 31418 | Swamp:3  | Reached skill level 1 in Evocations
 31418 | Swamp:3  | Reached XP level 17. HP: 53/119 MP: 6/30
 31434 | Swamp:3  | Killed from afar by Nikola

Illustrated notes ########### ############ #.........# #....##....# #.........# #.##.##.##.# #........<# #)##.#...#.# #.........# #@##.#...#.# #.........####.##.#...#.####### #..............##.....#.#...... #.........###########.#.#.####. #...........#.........#.#...... ########.#..#.######..#.#..#### #.#........##..#.#..# #.##.#.###.##..#.#..# ########....#.# #.....#.#..# #.........###.####......#..# #..........##......##...#..# Turn 3119 on D:4: - wow ######## ##### ##......# ....####.......# ...............# ##.............# ###...........# ###...###...## ##### ##...# ##..## #### ##.@# ##..## #..# ##....## ##.. ##..)...# ##.. ##.))#...## #.. ....####..### ### ...## ##...## ...# ##...## ...# ##...## ...## ##...## ....## ##...# Turn 4432 on D:6: - ooookay there ######## ####### ##.....@# #.....####.......# .................# ####.............# ###...........# ###...###...## ##### ##...# ##o.## #### ##..# ##..## #..# ##....## ##.. Turn 4493 on D:6: - uh-oh ..# #..!......P ##.P ##......... #.P. #....P....### ##...##...........# #.P...#....Y.#....# #................# ##....YYY.........# #....§§@YY.......# ##.....Y........## #..###.######### ## #.## ## Turn 15042 on Lair:6: - ok i panicked

P........................
#......##..#.........##.#
#......###....##...##.# #
.+....##......#....# ..#
##....##.>.........+ ..
#P....#......(.....#
##....##..#.$.^....#
......##..#.(P."...####.
.............([?....#..+
.............[...?......
.............(..@.......
................R.......
..........."............
.............(P.........
....†.........$.........
##......##..#......P###.
##†.....###........##
#.......##.........#
##†.....P#...#.......
#......+...P..(....#.
.......##.........###.#
.....$


Turn 16404 on Lair:4: - this is almost the complete EE set ## #. #. ###♣♣# ##.
##....♣## ##.. #####♣.......♣####♣##... ........R.##............
...#...@.##...###...P... .......!..#....###.P...P .#............###....#PP
.............## #....... ......#.....#####....#.# #..hP...P...............
#....#..(.......P#<..... ..... .................. ............. .P.........P.
............. Turn 17813 on Lair:6: - is this elephants ## ##.
#####+++########♣.. ♣.@R............... ...P..P....(P..#...#....
....P..P..............†. ...P.#.P.........#...... .....##................. #!..
..#....##.#......#. ... #######..####...P... #.. #### #....#.. .........
....#.... Turn 17935 on Lair:6: - oh yes ####### ##.#...♣♣♣ ##.....P..♣
###.........♣♣ #............♣ ## ####++#''####♣♣8♣ 8...8##≈≈.##8.YY@#..8#
)(..Z'≈≈≈..'p.RZ.#...# ))[..'≈≈≈≈.#8.####.#.# 8.Y.8#≈≈≈≈ ####....#'###### ####
######.p≈ #P...####...).8# #... #8P8###. ###.#### #P....!# #...
8.⌠.8#####P.P###♣♣##.....8# ##... ...........###....♣##########....
#'''########♣.......♣####♣##....# .................##..............
..(P..#...#.....##...###...P...## Turn 19931 on Lair:6: - this smells likea
problem ####### ##.#...♣♣♣ ##.....P..♣ ###.........♣♣ #....R.......♣
#############''#@'####♣♣8♣ ..8##≈≈.##8....#..8# ...'≈≈≈..'.....#...#
[..)≈≈≈≈.#8.####.#.# ..8#≈≈≈≈.####....#'###### ###### ####.≈≈†≈#P...####...).8#
#....# .8###.≈###.#### #P....!# #...## ⌠.8#####P.P###♣♣##.....8# ##....#
.........###....♣##########....## ''########♣.......♣####♣##....##
...............##..............# Turn 20360 on Lair:6: - what a bunch of junk
######### # ##.#@#.#.#.#. #...o........ ##...R<....... #..........$..
##.......o.... #.....)....... #............. ##..$...)..o.. ##...........
#....$..P... #........... Turn 22204 on Orc:2: - that is too many high priests
######### # ##.#@#.#.#.#. #...oo....... ##..Ho<)...... #..........$..
##............ #....3)....... #............. ##..$.o.)..... ##...........
#....$..P... #........... Turn 22214 on Orc:2: - ooh not good .. .. .## # > ..#
#.# ... .. ... ....##. ..### ......R##...... #......@....... #..............
##.......##>... #........ ### #.......## #......... #........# .........# Turn
26877 on D:14: - ugh ♣♣♣♣♣♣♣♣♣♣♣♣♣ ♣♣♣≈≈≈≈♣♣≈≈≈≈≈♣♣♣♣ ♣♣♣♣♣≈≈♣♣≈♣♣......♣.♣≈
♣..♣....♣♣≈...♣♣♣..... ♣.≈†..♣≈.♣.♣...≈♣♣♣... ♣≈..≈.≈....).#..♣♣≈≈.♣
♣♣.♣≈♣♣♣♣≈≈.♣..≈≈≈≈..♣ ♣≈♣♣♣..♣♣♣♣♣≈≈≈≈...♣♣ ♣.♣♣..[...♣♣♣♣....♣.♣ ♣♣≈♣...♣
♣♣[.♣... ♣≈≈♣.@#♣ #♣.≈≈#≈ ♣♣.♣..♣♣♣♣ ♣.≈..R ♣.♣...≈.♣♣ ♣≈.≈♣♣
♣≈♣♣♣≈.♣.#♣♣♣♣♣#≈≈.♣♣ ♣.♣ ♣♣≈..≈♣...≈≈≈.♣♣♣ ♣.♣ ♣♣≈♣.♣.#.≈.♣♣≈♣≈ ♣.♣
≈≈♣≈.♣)..♣♣♣♣♣.≈♣ ♣.♣ ♣§≈≈≈≈..≈♣......≈ ♣.♣ ♣♣♣♣#≈≈..).≈#.♣.♣ ♣.♣ ♣♣♣♣≈♣≈♣♣♣♣♣♣
♣.♣ ♣≈≈♣♣♣♣♣♣♣..≈ Turn 28796 on Swamp:1: - I have a feeling I'll come out of
berserk anbd die instantly ♣..♣....♣♣≈...♣♣♣.....♣♣ ♣.≈†..♣≈.♣.♣...≈♣♣♣...≈♣
♣≈..≈.≈....).#..♣♣≈≈.♣♣♣ ♣♣.♣≈♣♣♣♣≈≈.♣..≈≈≈≈..♣ ♣≈♣♣♣..♣♣♣♣♣≈≈≈≈...♣♣♣♣
♣.♣♣..[...♣♣♣♣....♣.♣♣. ♣♣≈♣...♣ ♣♣[.♣...♣♣ ♣≈≈♣.≈#♣ #♣.≈≈#≈♣♣ ♣♣.♣..♣♣♣♣
♣.≈..R≈♣ ♣.♣...≈.♣♣ ♣≈.≈♣♣≈♣ ♣≈♣♣♣≈@♣.#♣♣♣♣♣#≈≈.♣♣≈♣ ♣.♣ ♣♣≈..≈♣...≈≈≈.♣♣♣≈♣ ♣.♣
♣♣≈♣.♣.#.≈.♣♣≈♣≈≈♣ ♣.♣ ≈≈♣≈.♣)..♣♣♣♣♣.≈♣≈♣ ♣.♣ ♣§≈≈≈≈..≈♣......≈♣♣ ♣.♣
♣♣♣♣#≈≈..).≈#.♣.♣♣≈ ♣.♣ ♣♣♣♣≈♣≈♣♣♣♣♣♣≈§ ♣.♣ ♣≈≈♣♣♣♣♣♣♣..≈≈≈ ♣.♣ ♣♣.≈..≈.♣...≈♣♣≈
♣.♣ ♣>≈≈≈≈≈≈≈≈≈.≈≈≈≈ ♣.♣ ♣♣.≈≈≈≈≈≈≈.≈≈≈≈≈ Turn 28800 on Swamp:1: - but no! ♣.♣♣
♣♣..♣ .≈x ♣♣≈..♣ ♣.. ...♣♣ ♣.≈..♣ ♣.≈ ≈≈... ♣.♣.♣♣ ♣.♣♣≈≈§♣ ♣.≈≈<♣ ♣≈§.≈.≈♣♣≈
♣≈≈..♣♣ ♣♣.♣≈≈..§.≈ ♣..<÷.♣ ♣...≈≈≈≈≈♣. ♣≈÷†÷.♣♣♣♣.≈≈≈≈≈≈≈≈> ♣≈≈≈♣..♣♣..≈..§..≈♣
♣.≈§≈@x♣♣..≈..≈≈≈≈≈§ ♣♣≈.≈≈≈≈R≈.†≈≈≈≈≈..?♣ ♣.≈≈≈≈≈.≈♣).≈...♣.♣♣♣
♣♣..≈≈♣§≈†≈≈≈.≈≈≈..♣ ♣.♣♣...≈≈.≈≈≈≈♣.≈≈.♣ ......≈.≈≈≈≈≈≈≈≈≈≈§≈.
≈≈≈≈.≈≈≈..≈.≈≈≈..≈... §♣≈≈≈≈≈≈♣.♣.......♣ .≈.≈≈.....≈≈≈.≈.≈ ...≈..♣...≈≈♣.≈.
.≈≈≈.♣♣♣..≈≈≈≈≈≈ Turn 30609 on Swamp:3: - what just happened

Levels and vault maps discovered:
D:1:      amcnicky_arrival_flooded_fountain, layout_rooms, serial_shops, shop
D:2:      minmay_inner_zag, layout_basic, uniq_terence
D:3:      layout_loops_ring, chequers_temple_overflow_statue_of_worship,
          ebering_ecumenical_altar_webs, minivault_19, serial_bayou_pond_a,
          kennysheep_cluttered_room, uniq_ijyb, uniq_grinder
D:4:      layout_basic, vehumet_altar_wand_db
D:5:      layout_rooms, mainiacjoe_overflow_six_doors_small,
          minmay_temple_entry_statues_fountains, nrook_mini_vaults,
          uniq_prince_ribbit1
D:6:      layout_layer_cave, uniq_sigmund, uniq_menkaure
D:7:      layout_loops_ring, lemuel_crystal_altar, dk_yredelemnul_ordeal,
          lightli_minifort
D:8:      layout_basic, mainiacjoe_overflow_24_doors, kennysheep_boxes
D:9:      layout_basic, amcnicky_altar_gilded, hiddenorc2_lemuel,
          kennysheep_small_circle, uniq_gastronok
D:10:     cheibrodos_shockbox, layout_loops_cross, old_standard_altar,
          trog_ov_bears_minmay, grunt_lair_entry_orc_guard_hut, minivault_26
D:11:     layout_roguey, portal_ice_cave_demonic_guard,
          muffindrake_ghost_dual_entry, nicolae_transmutations_shop,
          hangedman_glass_teeth, small_statue_alley_a, minmay_microvault
D:12:     layout_irregular_city, fedhas_ov_isle_minmay
D:13:     layout_small_grid, minmay_circle_x
D:14:     layout_rooms, grunt_vaults_entry_tiered, gammafunk_ghost_crypt,
          serial_shops, nicolae_shop_stone, chequers_serial_rivers_small_3,
          kennysheep_generic_room_12
Temple:   minmay_temple_bridge_abc
Lair:1:   layout_small_grid, beast_lair_carwin_2, uniq_urug, uniq_nergalle,
          uniq_sonja, uniq_maggie
Lair:2:   regret_index_wax_grids, layout_cellular_growth,
          nicolae_spider_entry_orb_guardian, basic_altar, grunt_megastairs_2,
          lemuel_fruit_fields
Lair:3:   layout_loops_ring
Lair:4:   layout_regular_city, swamp_mist_pool, hellmonk_ghost_happy_afterlife,
          minmay_lair_drake_nest
Lair:5:   layout_loops_ring, dpeg_slime_entry_enclosed_altar,
          nicolae_volcano_entry_lava_flow, grunt_megastairs_4,
          serial_bayou_shore_b
Lair:6:   due_jungle_book, layout_misc_corridors
Swamp:1:  nicolae_swamp_standing_stones, layout_falls_marsh,
          nicolae_swamp_orc_logging_accident, uniq_josephine
Swamp:2:  layout_falls_marsh, evilmike_swamp_ruin_rubble_1, uniq_louise
Swamp:3:  layout_falls_marsh, evilmike_swamp_ruin_house_4,
          nicolae_swamp_bunyip_nook, uniq_nikola
Orc:1:    layout_caves, special_room [special_room_bee]
Orc:2:    grunt_orc_gardens, layout_caves, grunt_orc_garden, grunt_orc_garden,
          grunt_orc_garden, grunt_orc_garden

Skill      XL: |  1  2  3  4  5  6  7  8  9 10 11 12 13 14 15 16 |
---------------+-------------------------------------------------+-----
Ice Magic      | 5 6 7 8 9 12 | 12.0
Spellcasting   | 3 4 6 7 9 |  9.0
Stealth        | 5 6 9 |  9.0
Conjurations   | 4 6 8 9 |  9.0
Dodging        | 3 8 9 12 | 12.0
Fighting       | 4 6 9 11 12 | 12.0
Short Blades   | 4 6 |  6.0
Invocations    | 4 8 9 11 12 | 12.0
Hexes          | 5 6 9 |  9.1
Polearms       | 10 12 | 12.0
Air Magic      | 6 |  6.0
Poison Magic   | 6 |  6.0
Evocations     | 1 |  1.4

Action                   |  1- 3 |  4- 6 |  7- 9 | 10-12 | 13-15 | 16-18 || total
-------------------------+-------+-------+-------+-------+-------+-------++-------
Melee: Dagger            |       |    11 |   111 |    86 |   358 |     8 ||   574
       Unarmed           |       |     2 |       |       |       |       ||     2
       Halberd           |       |       |       |       |    35 |   167 ||   202
       Staff             |       |       |       |       |       |     9 ||     9
       Tailslap          |       |       |       |       |       |     5 ||     5
 Fire: Hunting sling     |       |       |       |     5 |    62 |       ||    67
Throw: Stone             |    45 |    89 |    59 |    88 |     2 |       ||   283
       Dart              |       |       |    27 |    51 |    51 |    15 ||   144
       Javelin           |       |       |     1 |       |     3 |       ||     4
       Boomerang         |       |       |       |     1 |       |       ||     1
 Cast: Freeze            |    32 |    58 |    56 |   140 |    99 |     3 ||   388
       Frozen Ramparts   |     2 |     6 |    21 |    27 |    31 |     1 ||    88
       Ozocubu's Armour  |       |     3 |    28 |    37 |    54 |    33 ||   155
       Hailstorm         |       |       |       |    47 |    75 |    20 ||   142
       Ensorcelled Hiber |       |       |       |     9 |    68 |    22 ||    99
       Metabolic Englaci |       |       |       |       |    27 |    15 ||    42
       Mephitic Cloud    |       |       |       |       |       |     2 ||     2
Invok: Recall Ancestor   |       |       |       |     4 |     7 |     3 ||    14
       Ancestor Life: Kn |       |       |       |     1 |       |       ||     1
       Idealise          |       |       |       |       |     4 |     2 ||     6
       Transference      |       |       |       |       |     3 |     4 ||     7
Evoke: Wand              |       |     4 |    16 |     2 |    48 |    20 ||    90
       Box of beasts     |       |       |       |       |     1 |       ||     1
  Use: Scroll            |       |     2 |     7 |     3 |     6 |     7 ||    25
       Potion            |       |       |       |     2 |     6 |     9 ||    17
 Stab: Sleeping          |       |       |     4 |    12 |    57 |     4 ||    77
       Petrified         |       |       |       |     2 |     5 |       ||     7
       Distracted        |       |       |       |     1 |     7 |     6 ||    14
       Confused          |       |       |       |       |       |     1 ||     1
Armor: Robe              |     2 |     1 |       |    67 |     7 |       ||    77
       Leather armour    |       |    15 |    68 |     6 |   139 |    74 ||   302
Dodge: Dodged            |    13 |    30 |   109 |   253 |   425 |   135 ||   965
